 Dungeon Crawl Stone Soup version 0.20.0-15-g7f486f2 (webtiles) character file.

62 JarielCorvus the Sneak (level 3, -1/27 HPs)
             Began as a Vampire Assassin on June 21, 2017.
             Slain by a quokka (4 damage)
             ... on level 2 of the Dungeon.
             The game lasted 00:06:11 (1907 turns).

JarielCorvus the Sneak (Vampire Assassin)           Turns: 1907, Time: 00:06:12

Health: -1/27      AC:  3    Str: 10    XL:     3   Next: 85%
Magic:  3/3        EV: 13    Int: 16    God:
Gold:   34         SH:  0    Dex: 16    Spells: 2/2 levels left

rFire    . . .     SeeInvis +   a - +2 dagger
rCold    . . .     Gourm    .   (no shield)
rNeg     + . .     Faith    .   c - +0 robe
rPois    .         Spirit   .   (no helmet)
rElec    .         Reflect  .   d - +0 cloak
rCorr    .         Harm     .   (no gloves)
MR       .....                  (no boots)
Stlth    +++.......             (no amulet)
Regen    0.1/turn               k - +3 ring of intelligence
MPRegen  0.1/turn               (no ring)

@: no status effects
A: fangs 3, see invisible, unbreathing
a: Bat Form


You were on level 2 of the Dungeon.
You were not thirsty.

You visited 1 branch of the dungeon, and saw 2 of its levels.

You collected 34 gold pieces.

Inventory:

Hand Weapons
 a - a +2 dagger (weapon)
 b - a +0 blowgun
Missiles
 e - 8 poisoned needles
 f - 2 curare-tipped needles
Armour
 c - a +0 robe (worn)
 d - a +0 cloak (worn)
Jewellery
 i - an uncursed amulet of harm
 k - a +3 ring of intelligence (left hand)
Scrolls
 h - a scroll of noise {unknown}
 j - 2 scrolls of remove curse {unknown}
Potions
 g - 4 potions of blood


   Skills:
 + Level 2.1 Fighting
 + Level 2.9 Short Blades
 + Level 1.8 Throwing
 + Level 2.3 Dodging
 + Level 6.4 Stealth


You had 2 spell levels left.
You didn't know any spells.

Dungeon Overview and Level Annotations

Branches:
Dungeon (2/15)

Altars:
Trog
The Shining One


Innate Abilities, Weirdness & Mutations

You have razor-sharp teeth.
You have supernaturally acute eyesight. (SInv)
You can survive without breathing.


Message History

The dart slug bites something but does no damage.
The gnoll hits the plant with a whip.
Something hits the plant.
You completely miss the jackal.
The jackal is almost dead.
The jackal bites the plant but does no damage.
The jackal misses you.
Something bites the plant but does no damage.
The worm bites the plant but does no damage.
The gnoll hits the plant but does no damage.
You hit the jackal.
You kill the jackal!
The jackal bites the plant but does no damage.
Something hits the plant.
The dart slug bites something but does no damage.
Something bites the plant.
The jackal bites the plant but does no damage.
You hit the quokka.
The quokka is heavily wounded.
The quokka bites you.
You die...

.####.#.#.#....#...#
...#.#.#.........
#####.#...........
#.######.#.#.##......
.....................
########....###..##..
♣
♣.♣####...♣♣....<(....
P♣
♣..P.P†♣♣♣♣.P........
...♣P♣@.PP♣
♣.P♣♣..#... ♣.♣♣.
♣♣r♣♣♣♣.P.♣♣♣P♣....
♣..P.♣sgPP♣♣P..
.P.♣♣♣.. ♣.gP.h♣w♣...


PP.. ♣.. ..8...♣w♣...... ..P♣ .. ....#...#...♣.. .♣.♣ ..? ..$.......♣. ..
..._...#..P♣ P ........§§.♣. You could see a worm, a gnoll, a dart slug, a
quokka, a jackal and a giant cockroach.

Vanquished Creatures
  A gnoll (D:2)
  An adder (D:2)
  A worm (D:2)
  A dart slug (D:1)
  A giant cockroach (D:1)
  4 goblins (D:1)
  8 hobgoblins (D:1)
  3 jackals
  2 quokkas (D:2)
  2 bats (D:1)
  A frilled lizard (D:1)
  7 kobolds
  2 rats
34 creatures vanquished.

Vanquished Creatures (others)
  A plant (D:2)
1 creature vanquished.

Grand Total: 35 creatures vanquished

Notes
Turn   | Place    | Note
-------+----------+-------------------------------------------
     0 | D:1      | JarielCorvus the Vampire Assassin began the quest for the Orb.
     0 | D:1      | Reached XP level 1. HP: 16/16 MP: 1/1
    23 | D:1      | Reached skill level 6 in Stealth
   109 | D:1      | Found a glowing golden altar of the Shining One.
   212 | D:1      | Reached XP level 2. HP: 18/22 MP: 2/2
   958 | D:1      | Reached XP level 3. HP: 27/27 MP: 3/3
  1880 | D:2      | Found a bloodstained altar of Trog.
  1907 | D:2      | Slain by a quokka

Skill      XL: |  1  2  3 |
---------------+----------+-----
Stealth        | 6 |  6.4
Dodging        | 2 |  2.3
Fighting       | 2 |  2.1
Short Blades   | |  2.9
Throwing       | |  1.8

Action                   || total
-------------------------++-------
Melee: Dagger            ||   117
       Bite              ||    12
  Use: Scroll            ||     2
       Potion            ||     2
 Stab: Sleeping          ||     9
Armor: Robe              ||    24
Dodge: Dodged            ||    61
